[ AOE2 MATCH · #470920552 ]
Team RMFranks vs Franks
[ REPLAY ANALYSIS · EXTRACTED FROM THE RECORDED GAME ]
Feudal
11:17
Castle
15:28
Imperial
32:55
| APM avg | 38.2 |
| APM peak | 89 |
| eAPM avg | 19.7 |
| Villagers / military | 122 / 265 |
Focus
⚔️ 43.7% · 🌾 56.3%
Knight ×230 · Scout Cavalry ×22 · Trebuchet (Packed) ×11 · Monk ×2
Feudal
11:05
Castle
15:47
Imperial
31:47
| APM avg | 27.3 |
| APM peak | 73 |
| eAPM avg | 12.3 |
| Villagers / military | 150 / 128 |
Focus
⚔️ 29.6% · 🌾 70.4%
Ratha (Ranged) ×64 · Battle Elephant ×51 · Spearman ×7 · Trebuchet (Packed) ×6
Feudal
11:19
Castle
15:30
Imperial
46:54
| APM avg | 29.4 |
| APM peak | 72 |
| eAPM avg | 18.3 |
| Villagers / military | 147 / 269 |
Focus
⚔️ 31.7% · 🌾 68.3%
Unknown (1952) ×123 · Skirmisher ×111 · Scout Cavalry ×62 · Spearman ×58 · Militia ×12 · Scorpion ×10
Feudal
—
Castle
—
Imperial
—
| APM avg | 21.3 |
| APM peak | 69 |
| eAPM avg | 16.1 |
| Villagers / military | 109 / 341 |
Focus
⚔️ 52.3% · 🌾 47.7%
Scorpion ×177 · Spearman ×155 · Trebuchet (Packed) ×8 · Militia ×1
Feudal
9:30
Castle
13:21
Imperial
32:26
| APM avg | 33.9 |
| APM peak | 81 |
| eAPM avg | 23.3 |
| Villagers / military | 166 / 328 |
Focus
⚔️ 31.6% · 🌾 68.4%
Archer ×194 · War Elephant ×65 · Scout Cavalry ×59 · Trebuchet (Packed) ×7 · Petard ×2 · Monk ×1
Feudal
11:32
Castle
16:08
Imperial
36:21
| APM avg | 23.9 |
| APM peak | 66 |
| eAPM avg | 17.6 |
| Villagers / military | 255 / 301 |
Focus
⚔️ 26.2% · 🌾 73.8%
Spearman ×248 · Knight ×14 · Hussite Wagon ×11 · Skirmisher ×10 · Bombard Cannon ×6 · Militia ×5
Feudal
10:55
Castle
18:49
Imperial
37:07
| APM avg | 24.9 |
| APM peak | 63 |
| eAPM avg | 16.3 |
| Villagers / military | 189 / 359 |
Focus
⚔️ 31.9% · 🌾 68.1%
Archer ×161 · Spearman ×96 · Skirmisher ×61 · Mangonel ×19 · Bombard Cannon ×16 · Monk ×4
Feudal
10:11
Castle
15:15
Imperial
43:50
| APM avg | 22.2 |
| APM peak | 61 |
| eAPM avg | 13.0 |
| Villagers / military | 148 / 161 |
Focus
⚔️ 32.6% · 🌾 67.4%
Knight ×100 · Scout Cavalry ×39 · Throwing Axeman ×9 · Spearman ×6 · Monk ×4 · Mangonel ×1
Match map
Initial resources + every placement click. Lines = walls · curves = elevation contours. ◆ gold · ⬟ stone · ● berries · ✦ relic · ◌ wall gap
Your base· ✓ Closed at 15:28 · 0t walls · 3 gate(s)
nezbez's base· ✓ Closed at 15:47 · 0t walls · 2 gate(s)
BeaNeanging's base· ✓ Closed at 15:30 · 0t walls · 2 gate(s)
ThiranoMarck's base· ✓ Closed at 15:06 · 0t walls · 3 gate(s)
Tonix's base· ✓ Closed at 13:21 · 0t walls · 2 gate(s)
rambo's base· ✓ Closed at 16:08 · 0t walls · 3 gate(s)
mat.hey's base· ✓ Closed at 18:49 · 1t walls · 2 gate(s)
Wololo's base· ✓ Closed at 15:15 · 0t walls · 2 gate(s)
Smoothed initial terrain · ◌ = detected wall gap · hover for details
Inputs per minute
— #14 - - nezbez
Build order — #14
First 150 of 574 actions detected
| 0:01 | Create | Villager (Male) |
| 0:02 | Create | Villager (Male) |
| 0:02 | Create | Villager (Male) |
| 0:03 | Build | House |
| 0:06 | Build | House |
| 0:07 | Create | Villager (Male) |
| 0:07 | Create | Villager (Male) |
| 1:30 | Create | Villager (Male) |
| 1:30 | Create | Villager (Male) |
| 1:49 | Create | Villager (Male) |
| 1:52 | Build | Lumber Camp |
| 2:39 | Create | Villager (Male) |
| 2:39 | Create | Villager (Male) |
| 3:10 | Create | Villager (Male) |
| 3:10 | Create | Villager (Male) |
| 3:11 | Create | Villager (Male) |
| 3:39 | Build | House |
| 3:40 | Build | House |
| 3:44 | Build | House |
| 3:45 | Create | Villager (Male) |
| 3:45 | Create | Villager (Male) |
| 4:14 | Create | Villager (Male) |
| 4:41 | Build | Mill |
| 4:50 | Create | Villager (Male) |
| 4:50 | Create | Villager (Male) |
| 5:11 | Create | Villager (Male) |
| 5:11 | Create | Villager (Male) |
| 5:12 | Create | Villager (Male) |
| 5:36 | Create | Villager (Male) |
| 5:36 | Create | Villager (Male) |
| 5:36 | Create | Villager (Male) |
| 6:06 | Create | Villager (Male) |
| 6:06 | Create | Villager (Male) |
| 6:07 | Create | Villager (Male) |
| 6:42 | Create | Villager (Male) |
| 6:44 | Create | Villager (Male) |
| 7:22 | Create | Villager (Male) |
| 8:42 | Create | Villager (Male) |
| 8:43 | Research | Feudal Age |
| 8:47 | Build | Mining Camp |
| 8:51 | Build | House |
| 10:11 | Create | Villager (Male) |
| 10:11 | Create | Villager (Male) |
| 10:15 | Create | Villager (Male) |
| 11:17 | Age | Feudal Age |
| 11:23 | Build | Market |
| 11:29 | Build | Blacksmith |
| 12:22 | Build | Farm |
| 12:26 | Build | Farm |
| 12:47 | Build | Barracks |
| 12:48 | Research | Castle Age |
| 12:49 | Research | Castle Age |
| 12:53 | Build | Farm |
| 12:54 | Build | Farm |
| 12:59 | Build | Farm |
| 13:02 | Build | Farm |
| 13:04 | Research | Double-Bit Axe |
| 13:42 | Build | Stable |
| 14:19 | Research | Gold Mining |
| 14:22 | Build | Farm |
| 14:39 | Build | House |
| 15:02 | Create | Villager (Male) |
| 15:28 | Age | Castle Age |
| 15:32 | Build | House |
| 15:33 | Create | Knight |
| 15:39 | Build | Town Center |
| 15:50 | Build | Town Center |
| 15:56 | Build | House |
| 15:57 | Create | Villager (Male) |
| 16:02 | Create | Knight |
| 16:21 | Create | Villager (Male) |
| 16:36 | Build | House |
| 16:40 | Build | Town Center |
| 16:47 | Create | Villager (Male) |
| 17:14 | Create | Knight |
| 17:17 | Build | House |
| 17:17 | Build | House |
| 17:19 | Create | Villager (Male) |
| 17:22 | Create | Villager (Male) |
| 17:46 | Build | Farm |
| 17:47 | Build | Farm |
| 17:53 | Build | Farm |
| 17:54 | Create | Villager (Male) |
| 17:57 | Research | Bow Saw |
| 17:59 | Create | Villager (Male) |
| 18:21 | Build | House |
| 18:22 | Build | House |
| 18:23 | Create | Villager (Male) |
| 18:24 | Create | Villager (Male) |
| 18:26 | Create | Villager (Male) |
| 18:52 | Create | Villager (Male) |
| 18:57 | Research | Loom |
| 18:58 | Create | Villager (Male) |
| 19:26 | Create | Villager (Male) |
| 19:27 | Create | Villager (Male) |
| 19:38 | Build | Farm |
| 19:39 | Build | Farm |
| 19:41 | Build | Farm |
| 19:43 | Build | Farm |
| 19:45 | Build | Farm |
| 19:53 | Build | Farm |
| 19:54 | Create | Villager (Male) |
| 20:05 | Create | Knight |
| 20:19 | Build | House |
| 20:20 | Build | House |
| 20:22 | Create | Villager (Male) |
| 20:30 | Build | Farm |
| 20:32 | Build | Farm |
| 20:33 | Build | Farm |
| 20:34 | Build | Farm |
| 20:41 | Build | Farm |
| 20:43 | Build | Farm |
| 20:48 | Create | Villager (Male) |
| 20:48 | Create | Villager (Male) |
| 20:50 | Create | Villager (Male) |
| 20:51 | Build | Farm |
| 20:55 | Build | Farm |
| 20:58 | Build | Farm |
| 21:00 | Create | Knight |
| 21:15 | Build | Monastery |
| 21:22 | Build | Lumber Camp |
| 21:43 | Create | Villager (Male) |
| 21:44 | Create | Villager (Male) |
| 21:54 | Create | Knight |
| 21:59 | Build | Stable |
| 22:04 | Build | House |
| 22:06 | Build | House |
| 22:17 | Create | Monk |
| 22:28 | Create | Villager (Male) |
| 22:28 | Create | Villager (Male) |
| 22:29 | Create | Villager (Male) |
| 22:37 | Build | Farm |
| 22:42 | Build | Farm |
| 22:45 | Build | Farm |
| 22:46 | Build | Farm |
| 22:49 | Build | Farm |
| 22:50 | Create | Villager (Male) |
| 22:51 | Create | Villager (Male) |
| 22:52 | Create | Villager (Male) |
| 23:03 | Create | Villager (Male) |
| 23:03 | Create | Villager (Male) |
| 23:05 | Create | Villager (Male) |
| 23:13 | Build | Mining Camp |
| 23:51 | Create | Villager (Male) |
| 23:52 | Create | Villager (Male) |
| 23:53 | Create | Villager (Male) |
| 23:55 | Research | Wheelbarrow |
| 24:02 | Build | Farm |
| 24:06 | Build | House |
| 24:07 | Create | Knight |
Build order — nezbez
First 150 of 441 actions detected
| 0:01 | Create | Villager (Male) |
| 0:01 | Create | Villager (Male) |
| 0:03 | Build | House |
| 0:04 | Build | House |
| 0:41 | Create | Villager (Male) |
| 1:22 | Create | Villager (Male) |
| 1:34 | Create | Villager (Male) |
| 1:55 | Build | Lumber Camp |
| 2:04 | Create | Villager (Male) |
| 2:37 | Create | Villager (Male) |
| 3:04 | Create | Villager (Male) |
| 3:23 | Create | Villager (Male) |
| 3:36 | Build | House |
| 3:39 | Build | House |
| 3:55 | Research | Loom |
| 4:12 | Create | Villager (Male) |
| 4:36 | Create | Villager (Male) |
| 4:39 | Build | Mill |
| 5:05 | Create | Villager (Male) |
| 5:25 | Create | Villager (Male) |
| 5:41 | Create | Villager (Male) |
| 6:15 | Create | Villager (Male) |
| 6:34 | Create | Villager (Male) |
| 6:51 | Create | Villager (Male) |
| 7:32 | Build | Farm |
| 7:33 | Create | Villager (Male) |
| 7:44 | Create | Villager (Male) |
| 8:13 | Create | Villager (Male) |
| 8:34 | Build | Mining Camp |
| 8:49 | Research | Feudal Age |
| 9:19 | Build | House |
| 9:20 | Build | House |
| 10:04 | Build | Mill |
| 10:17 | Create | Villager (Male) |
| 10:53 | Build | House |
| 11:05 | Age | Feudal Age |
| 11:10 | Build | Market |
| 11:14 | Build | Blacksmith |
| 11:19 | Create | Villager (Male) |
| 11:54 | Create | Villager (Male) |
| 12:30 | Create | Villager (Male) |
| 13:07 | Research | Castle Age |
| 13:28 | Research | Double-Bit Axe |
| 13:55 | Research | Horse Collar |
| 14:05 | Build | Farm |
| 14:13 | Build | Farm |
| 14:17 | Build | Farm |
| 14:18 | Create | Villager (Male) |
| 14:27 | Build | Farm |
| 14:30 | Create | Villager (Male) |
| 15:28 | Build | Farm |
| 15:29 | Build | Farm |
| 15:34 | Build | House |
| 15:35 | Create | Villager (Male) |
| 15:43 | Build | Farm |
| 15:47 | Age | Castle Age |
| 16:03 | Build | Farm |
| 16:23 | Build | Farm |
| 16:35 | Create | Villager (Male) |
| 16:44 | Build | Farm |
| 17:02 | Build | House |
| 17:03 | Build | House |
| 17:04 | Create | Villager (Male) |
| 17:09 | Research | Bow Saw |
| 17:10 | Research | Bow Saw |
| 17:23 | Research | Wheelbarrow |
| 17:28 | Build | Farm |
| 17:55 | Research | Heavy Plow |
| 18:16 | Build | House |
| 18:38 | Build | Town Center |
| 18:48 | Build | Farm |
| 18:54 | Create | Villager (Male) |
| 19:28 | Research | Hand Cart |
| 19:33 | Create | Villager (Male) |
| 19:56 | Build | Town Center |
| 19:58 | Create | Villager (Male) |
| 20:11 | Create | Villager (Male) |
| 20:26 | Create | Villager (Male) |
| 20:28 | Build | Farm |
| 20:36 | Build | Farm |
| 20:41 | Research | Town Watch |
| 20:41 | Research | Town Watch |
| 20:50 | Build | Farm |
| 20:54 | Build | Farm |
| 20:55 | Create | Villager (Male) |
| 21:04 | Build | Farm |
| 21:06 | Create | Villager (Male) |
| 21:14 | Create | Villager (Male) |
| 21:15 | Create | Villager (Male) |
| 21:22 | Build | Farm |
| 21:26 | Create | Villager (Male) |
| 21:49 | Build | Barracks |
| 21:54 | Create | Villager (Male) |
| 21:55 | Create | Villager (Male) |
| 21:57 | Create | Villager (Male) |
| 22:07 | Build | Farm |
| 22:09 | Create | Villager (Male) |
| 22:13 | Create | Villager (Male) |
| 22:25 | Research | Scale Barding Armor |
| 22:36 | Create | Villager (Male) |
| 22:36 | Create | Villager (Male) |
| 22:37 | Create | Villager (Male) |
| 22:46 | Build | Farm |
| 22:50 | Build | Farm |
| 22:51 | Create | Villager (Male) |
| 22:57 | Build | Stable |
| 22:58 | Create | Villager (Male) |
| 22:59 | Create | Villager (Male) |
| 23:10 | Create | Spearman |
| 23:13 | Create | Villager (Male) |
| 23:13 | Create | Villager (Male) |
| 23:18 | Create | Villager (Male) |
| 23:23 | Create | Villager (Male) |
| 23:28 | Create | Villager (Male) |
| 23:36 | Build | Town Center |
| 23:37 | Create | Villager (Male) |
| 23:41 | Create | Villager (Male) |
| 23:45 | Build | Farm |
| 23:48 | Create | Villager (Male) |
| 23:50 | Build | Farm |
| 23:51 | Create | Villager (Male) |
| 23:52 | Create | Villager (Male) |
| 24:05 | Build | Farm |
| 24:06 | Create | Villager (Male) |
| 24:11 | Build | Farm |
| 24:12 | Create | Villager (Male) |
| 24:26 | Build | House |
| 24:27 | Build | House |
| 24:30 | Create | Battle Elephant |
| 24:39 | Create | Battle Elephant |
| 24:42 | Create | Villager (Male) |
| 24:42 | Create | Villager (Male) |
| 24:49 | Build | Farm |
| 24:53 | Create | Villager (Male) |
| 25:11 | Research | Bloodlines |
| 25:11 | Research | Husbandry |
| 25:13 | Create | Villager (Male) |
| 25:21 | Build | Farm |
| 25:26 | Build | University |
| 25:27 | Create | Villager (Male) |
| 25:38 | Create | Battle Elephant |
| 25:40 | Build | House |
| 26:15 | Build | Farm |
| 26:16 | Create | Villager (Male) |
| 26:16 | Create | Villager (Male) |
| 26:17 | Create | Villager (Male) |
| 26:19 | Build | House |
| 26:20 | Build | House |
| 26:35 | Build | Castle |
| 27:07 | Create | Villager (Male) |
Build order — BeaNeanging
First 150 of 457 actions detected
| 0:05 | Create | Villager (Male) |
| 0:05 | Create | Villager (Male) |
| 0:05 | Create | Villager (Male) |
| 0:05 | Create | Villager (Male) |
| 0:07 | Build | House |
| 0:08 | Build | House |
| 1:37 | Create | Villager (Male) |
| 2:01 | Build | Lumber Camp |
| 2:02 | Create | Villager (Male) |
| 2:27 | Create | Villager (Male) |
| 2:27 | Create | Villager (Male) |
| 2:50 | Create | Villager (Male) |
| 3:06 | Create | Villager (Male) |
| 3:47 | Create | Villager (Male) |
| 4:02 | Build | House |
| 4:06 | Build | House |
| 4:34 | Create | Villager (Male) |
| 4:34 | Create | Villager (Male) |
| 4:34 | Create | Villager (Male) |
| 5:04 | Create | Villager (Male) |
| 5:45 | Create | Villager (Male) |
| 5:45 | Create | Villager (Male) |
| 6:00 | Create | Villager (Male) |
| 6:00 | Create | Villager (Male) |
| 6:26 | Create | Villager (Male) |
| 6:26 | Create | Villager (Male) |
| 7:00 | Create | Villager (Male) |
| 7:19 | Create | Villager (Male) |
| 7:20 | Create | Villager (Male) |
| 7:59 | Build | Mill |
| 8:08 | Build | Mill |
| 8:46 | Research | Feudal Age |
| 8:46 | Research | Feudal Age |
| 8:48 | Build | Mining Camp |
| 8:53 | Build | House |
| 8:55 | Build | House |
| 11:16 | Build | Farm |
| 11:16 | Build | Farm |
| 11:19 | Age | Feudal Age |
| 11:20 | Build | Farm |
| 11:27 | Build | Blacksmith |
| 11:32 | Build | Market |
| 11:41 | Create | Villager (Male) |
| 12:50 | Research | Castle Age |
| 13:36 | Research | Double-Bit Axe |
| 13:41 | Build | Mining Camp |
| 14:30 | Research | Horse Collar |
| 15:00 | Build | Farm |
| 15:12 | Build | Barracks |
| 15:30 | Age | Castle Age |
| 15:43 | Build | Town Center |
| 15:46 | Create | Villager (Male) |
| 15:46 | Create | Villager (Male) |
| 15:47 | Create | Villager (Male) |
| 15:47 | Create | Villager (Male) |
| 15:47 | Create | Villager (Male) |
| 16:02 | Build | Siege Workshop |
| 16:22 | Create | Villager (Male) |
| 16:33 | Create | Villager (Male) |
| 17:07 | Research | Pikeman (upgrade) |
| 17:19 | Build | Town Center |
| 17:31 | Research | Loom |
| 17:31 | Research | Loom |
| 17:36 | Create | Spearman |
| 17:47 | Build | Farm |
| 17:57 | Create | Spearman |
| 18:06 | Create | Battering Ram |
| 18:14 | Create | Villager (Male) |
| 18:29 | Create | Villager (Male) |
| 18:48 | Create | Villager (Male) |
| 19:03 | Create | Villager (Male) |
| 19:12 | Create | Battering Ram |
| 19:12 | Create | Battering Ram |
| 19:20 | Build | Farm |
| 19:37 | Create | Villager (Male) |
| 19:43 | Create | Battering Ram |
| 19:54 | Create | Spearman |
| 20:00 | Build | Farm |
| 20:00 | Build | Farm |
| 20:00 | Build | Farm |
| 20:02 | Create | Villager (Male) |
| 20:02 | Create | Villager (Male) |
| 20:10 | Build | House |
| 20:11 | Build | House |
| 20:12 | Build | House |
| 20:18 | Build | House |
| 20:29 | Create | Spearman |
| 20:29 | Create | Spearman |
| 20:34 | Build | House |
| 20:35 | Build | House |
| 20:50 | Create | Scorpion |
| 20:55 | Create | Villager (Male) |
| 21:46 | Create | Scorpion |
| 22:29 | Create | Militia |
| 22:39 | Build | Archery Range |
| 22:40 | Build | Archery Range |
| 22:45 | Build | House |
| 22:56 | Research | Man-at-Arms (upgrade) |
| 23:07 | Build | Barracks |
| 23:16 | Build | Farm |
| 23:17 | Create | Villager (Male) |
| 23:19 | Create | Villager (Male) |
| 23:19 | Create | Villager (Male) |
| 23:37 | Create | Militia ×2 |
| 23:51 | Create | Militia |
| 23:56 | Build | Farm |
| 23:58 | Build | Farm |
| 24:02 | Build | Farm |
| 24:03 | Build | Farm |
| 24:03 | Create | Villager (Male) |
| 24:04 | Create | Villager (Male) |
| 24:10 | Create | Militia |
| 24:18 | Build | Farm |
| 24:19 | Create | Villager (Male) |
| 24:23 | Build | Lumber Camp |
| 24:55 | Create | Militia ×2 |
| 25:03 | Build | Farm |
| 25:03 | Build | Farm |
| 25:10 | Build | Castle |
| 25:17 | Create | Militia ×2 |
| 25:22 | Create | Villager (Male) |
| 25:28 | Build | Farm |
| 25:29 | Build | Farm |
| 25:29 | Build | Farm |
| 25:29 | Build | Farm |
| 25:50 | Create | Spearman ×3 |
| 26:04 | Build | Farm |
| 26:05 | Create | Villager (Male) |
| 26:22 | Create | Militia ×2 |
| 26:27 | Create | Villager (Male) |
| 26:29 | Build | Farm |
| 26:29 | Build | Farm |
| 26:30 | Build | Farm |
| 26:30 | Build | Farm |
| 26:30 | Build | Farm |
| 26:30 | Build | Farm |
| 26:31 | Build | Farm |
| 26:52 | Create | Unit 1952 ×2 |
| 27:00 | Create | Spearman ×4 |
| 27:07 | Create | Militia |
| 27:16 | Build | Farm |
| 27:39 | Create | Villager (Male) |
| 27:40 | Create | Villager (Male) |
| 27:41 | Create | Villager (Male) |
| 27:41 | Create | Villager (Male) |
| 27:41 | Create | Villager (Male) |
| 27:44 | Create | Villager (Male) |
| 27:53 | Create | Villager (Male) |
| 28:12 | Research | Fletching |
| 28:12 | Research | Fletching |
Build order — ThiranoMarck
First 150 of 589 actions detected
| 0:01 | Create | Villager (Male) |
| 0:02 | Create | Villager (Male) |
| 0:02 | Create | Villager (Male) |
| 0:02 | Create | Villager (Male) |
| 0:04 | Build | House |
| 0:05 | Build | House |
| 0:16 | Build | House |
| 0:40 | Research | Loom |
| 1:29 | Build | Lumber Camp |
| 1:40 | Create | Villager (Male) |
| 1:40 | Create | Villager (Male) |
| 2:07 | Create | Villager (Male) |
| 2:07 | Create | Villager (Male) |
| 2:41 | Create | Villager (Male) |
| 3:03 | Create | Villager (Male) |
| 3:32 | Create | Villager (Male) |
| 3:55 | Create | Villager (Male) |
| 3:55 | Create | Villager (Male) |
| 3:59 | Build | House |
| 4:01 | Build | House |
| 4:03 | Build | House |
| 4:04 | Build | House |
| 4:26 | Create | Villager (Male) |
| 4:27 | Create | Villager (Male) |
| 4:58 | Create | Villager (Male) |
| 4:59 | Create | Villager (Male) |
| 5:20 | Create | Villager (Male) |
| 5:21 | Create | Villager (Male) |
| 5:47 | Build | House |
| 6:05 | Create | Villager (Male) |
| 6:07 | Create | Villager (Male) |
| 6:14 | Build | Mining Camp |
| 6:51 | Create | Villager (Male) |
| 7:45 | Create | Villager (Male) |
| 8:08 | Build | Mill |
| 8:12 | Create | Villager (Male) |
| 8:50 | Research | Feudal Age |
| 9:02 | Build | Mill |
| 11:01 | Research | Double-Bit Axe |
| 11:02 | Research | Double-Bit Axe |
| 11:04 | Research | Horse Collar |
| 11:05 | Create | Villager (Male) |
| 11:06 | Create | Villager (Male) |
| 11:06 | Create | Villager (Male) |
| 11:07 | Create | Villager (Male) |
| 11:07 | Create | Villager (Male) |
| 11:08 | Create | Villager (Male) |
| 11:08 | Create | Villager (Male) |
| 11:09 | Create | Villager (Male) |
| 11:09 | Create | Villager (Male) |
| 11:23 | Build | Farm |
| 11:28 | Build | Farm |
| 11:30 | Build | Farm |
| 11:37 | Build | Farm |
| 11:46 | Build | Farm |
| 12:22 | Build | Farm |
| 12:57 | Build | Farm |
| 13:01 | Build | Farm |
| 13:03 | Build | Farm |
| 13:05 | Create | Villager (Male) |
| 15:03 | Build | Farm |
| 15:06 | Research | Castle Age |
| 15:11 | Build | Farm |
| 15:12 | Build | Farm |
| 16:09 | Build | Mining Camp |
| 17:28 | Create | Villager (Male) |
| 17:28 | Create | Villager (Male) |
| 17:28 | Create | Villager (Male) |
| 17:30 | Create | Villager (Male) |
| 17:30 | Create | Villager (Male) |
| 17:58 | Build | Town Center |
| 18:09 | Build | Town Center |
| 18:28 | Build | Siege Workshop |
| 18:52 | Build | Town Center |
| 18:57 | Create | Villager (Male) |
| 18:59 | Research | Heavy Plow |
| 19:03 | Create | Villager (Male) |
| 19:04 | Create | Villager (Male) |
| 19:06 | Create | Villager (Male) |
| 19:30 | Build | Mining Camp |
| 19:43 | Create | Villager (Male) |
| 19:43 | Create | Villager (Male) |
| 19:44 | Create | Villager (Male) |
| 19:50 | Build | Farm |
| 19:52 | Build | Farm |
| 19:54 | Build | Farm |
| 19:58 | Create | Villager (Male) |
| 20:16 | Create | Villager (Male) |
| 20:16 | Create | Villager (Male) |
| 20:19 | Create | Villager (Male) |
| 20:22 | Create | Villager (Male) |
| 20:22 | Create | Villager (Male) |
| 20:25 | Create | Villager (Male) |
| 20:26 | Create | Villager (Male) |
| 20:39 | Research | Gold Mining |
| 20:54 | Create | Villager (Male) |
| 20:56 | Create | Villager (Male) |
| 20:56 | Create | Villager (Male) |
| 21:02 | Create | Villager (Male) |
| 21:02 | Create | Villager (Male) |
| 21:09 | Build | Farm |
| 21:12 | Build | Farm |
| 21:14 | Build | Farm |
| 21:15 | Build | Farm |
| 21:18 | Build | Farm |
| 21:20 | Build | Farm |
| 21:26 | Build | House |
| 21:29 | Build | House |
| 21:31 | Build | House |
| 21:32 | Build | House |
| 21:34 | Build | House |
| 21:36 | Build | House |
| 21:44 | Build | House |
| 21:45 | Build | House |
| 21:46 | Build | House |
| 21:48 | Build | House |
| 21:50 | Build | House |
| 21:52 | Build | House |
| 21:58 | Build | House |
| 22:00 | Build | House |
| 22:02 | Build | House |
| 22:04 | Build | House |
| 22:06 | Build | House |
| 22:08 | Build | House |
| 22:14 | Research | Gold Shaft Mining |
| 22:18 | Create | Villager (Male) |
| 22:19 | Create | Villager (Male) |
| 22:20 | Create | Villager (Male) |
| 22:27 | Build | Farm |
| 22:29 | Build | Farm |
| 22:32 | Create | Villager (Male) |
| 22:43 | Create | Villager (Male) |
| 22:50 | Build | Farm |
| 22:52 | Build | Farm |
| 22:54 | Build | Farm |
| 22:57 | Create | Villager (Male) |
| 23:44 | Create | Villager (Male) |
| 23:47 | Create | Villager (Male) |
| 23:48 | Create | Villager (Male) |
| 23:49 | Create | Villager (Male) |
| 23:51 | Create | Villager (Male) |
| 23:53 | Create | Villager (Male) |
| 24:11 | Create | Scorpion |
| 24:12 | Create | Scorpion |
| 24:13 | Create | Scorpion |
| 24:34 | Create | Villager (Male) |
| 24:35 | Create | Villager (Male) |
| 24:36 | Build | Farm |
| 24:41 | Build | Farm |
| 24:42 | Build | Farm |
Build order — Tonix
First 150 of 509 actions detected
| 0:00 | Create | Villager (Male) |
| 0:01 | Create | Villager (Male) |
| 0:02 | Build | House |
| 0:03 | Build | House |
| 0:18 | Create | Villager (Male) |
| 0:18 | Create | Villager (Male) |
| 0:35 | Create | Villager (Male) |
| 1:33 | Create | Villager (Male) |
| 2:05 | Create | Villager (Male) |
| 2:06 | Create | Villager (Male) |
| 2:08 | Build | Lumber Camp |
| 2:18 | Create | Villager (Male) |
| 2:57 | Build | House |
| 3:00 | Create | Villager (Male) |
| 3:46 | Create | Villager (Male) |
| 4:02 | Create | Villager (Male) |
| 4:13 | Build | Mill |
| 4:33 | Create | Villager (Male) |
| 4:34 | Create | Villager (Male) |
| 5:23 | Create | Villager (Male) |
| 5:32 | Build | House |
| 5:45 | Create | Villager (Male) |
| 6:02 | Create | Villager (Male) |
| 6:36 | Create | Villager (Male) |
| 6:40 | Create | Villager (Male) |
| 7:03 | Create | Villager (Male) |
| 7:24 | Research | Feudal Age |
| 8:34 | Build | Mining Camp |
| 8:38 | Build | Mining Camp |
| 8:41 | Create | Villager (Male) |
| 8:50 | Create | Villager (Male) |
| 9:30 | Age | Feudal Age |
| 9:33 | Build | Market |
| 10:13 | Build | Blacksmith |
| 10:18 | Create | Villager (Male) |
| 10:39 | Create | Villager (Male) |
| 10:55 | Research | Castle Age |
| 10:56 | Research | Castle Age |
| 11:41 | Build | Mining Camp |
| 11:46 | Create | Villager (Male) |
| 11:46 | Create | Villager (Male) |
| 12:26 | Create | Villager (Male) |
| 13:11 | Research | Loom |
| 13:21 | Age | Castle Age |
| 13:34 | Create | Villager (Male) |
| 13:35 | Create | Villager (Male) |
| 13:39 | Build | House |
| 14:25 | Create | Villager (Male) |
| 14:26 | Create | Villager (Male) |
| 14:56 | Create | Villager (Male) |
| 14:57 | Create | Villager (Male) |
| 15:17 | Create | Villager (Male) |
| 15:17 | Create | Villager (Male) |
| 15:42 | Build | House |
| 15:44 | Build | House |
| 15:55 | Build | Castle |
| 16:00 | Build | Town Center |
| 16:17 | Build | Town Center |
| 16:31 | Build | Farm |
| 16:33 | Build | Farm |
| 16:34 | Build | Farm |
| 16:35 | Build | Farm |
| 16:36 | Build | Farm |
| 16:42 | Build | Farm |
| 16:43 | Build | Farm |
| 16:44 | Build | Farm |
| 16:51 | Create | Villager (Male) |
| 16:59 | Build | Farm |
| 17:08 | Create | Villager (Male) |
| 17:20 | Create | Villager (Male) |
| 17:23 | Create | Villager (Male) |
| 17:23 | Create | Villager (Male) |
| 17:35 | Create | Villager (Male) |
| 17:47 | Build | Farm |
| 18:06 | Create | Villager (Male) |
| 18:06 | Create | Villager (Male) |
| 18:06 | Create | Villager (Male) |
| 18:07 | Create | Villager (Male) |
| 18:09 | Build | Farm |
| 18:31 | Build | Farm |
| 18:36 | Create | Villager (Male) |
| 18:48 | Create | Villager (Male) |
| 18:49 | Create | Villager (Male) |
| 18:55 | Build | Farm |
| 19:01 | Research | Horse Collar |
| 19:06 | Research | Double-Bit Axe |
| 19:08 | Create | Villager (Male) |
| 19:08 | Create | Villager (Male) |
| 19:20 | Create | Villager (Male) |
| 19:21 | Create | Villager (Male) |
| 19:21 | Create | Villager (Male) |
| 19:23 | Build | Farm |
| 19:34 | Create | Villager (Male) |
| 19:34 | Create | Villager (Male) |
| 19:38 | Build | Farm |
| 19:48 | Build | Farm |
| 19:50 | Build | Farm |
| 19:51 | Create | Villager (Male) |
| 20:00 | Build | Farm |
| 20:04 | Create | Villager (Male) |
| 20:04 | Create | Villager (Male) |
| 20:19 | Build | Farm |
| 20:25 | Create | Villager (Male) |
| 20:33 | Build | Farm |
| 20:38 | Build | Farm |
| 20:41 | Create | Villager (Male) |
| 20:46 | Create | Petard |
| 20:53 | Create | Petard |
| 20:56 | Create | Villager (Male) |
| 20:57 | Create | Villager (Male) |
| 21:07 | Research | Wheelbarrow |
| 21:08 | Research | Wheelbarrow |
| 21:17 | Create | Villager (Male) |
| 21:17 | Create | Villager (Male) |
| 21:26 | Build | Farm |
| 21:37 | Create | Villager (Male) |
| 21:38 | Create | Villager (Male) |
| 21:38 | Create | Villager (Male) |
| 21:43 | Build | Farm |
| 21:47 | Research | Heavy Plow |
| 22:08 | Create | Villager (Male) |
| 22:14 | Create | War Elephant |
| 22:17 | Create | Villager (Male) |
| 22:17 | Create | Villager (Male) |
| 22:20 | Build | Farm |
| 22:34 | Build | Farm |
| 22:40 | Create | War Elephant |
| 22:46 | Create | Villager (Male) |
| 22:47 | Create | Villager (Male) |
| 22:49 | Build | Farm |
| 23:03 | Build | Farm |
| 23:04 | Build | Farm |
| 23:05 | Build | Farm |
| 23:06 | Build | Farm |
| 23:09 | Build | Farm |
| 23:10 | Create | Villager (Male) |
| 23:10 | Create | Villager (Male) |
| 23:10 | Create | Villager (Male) |
| 23:20 | Build | House |
| 23:22 | Build | House |
| 23:25 | Build | House |
| 23:26 | Build | House |
| 23:29 | Create | War Elephant |
| 23:34 | Build | Farm |
| 23:51 | Create | War Elephant |
| 23:57 | Build | Farm |
| 23:59 | Create | Villager (Male) |
| 23:59 | Create | Villager (Male) |
| 24:00 | Create | Villager (Male) |
| 24:01 | Create | Villager (Male) |
Build order — rambo
First 150 of 574 actions detected
| 0:01 | Create | Villager (Male) |
| 0:01 | Create | Villager (Male) |
| 0:01 | Create | Villager (Male) |
| 0:02 | Create | Villager (Male) |
| 0:03 | Build | House |
| 0:05 | Build | House |
| 1:38 | Create | Villager (Male) |
| 1:38 | Create | Villager (Male) |
| 1:38 | Create | Villager (Male) |
| 1:45 | Build | Lumber Camp |
| 2:13 | Create | Villager (Male) |
| 2:40 | Create | Villager (Male) |
| 2:41 | Create | Villager (Male) |
| 3:04 | Create | Villager (Male) |
| 3:21 | Build | House |
| 3:43 | Create | Villager (Male) |
| 3:43 | Create | Villager (Male) |
| 3:44 | Create | Villager (Male) |
| 4:15 | Build | Mill |
| 4:43 | Create | Villager (Male) |
| 5:10 | Create | Villager (Male) |
| 5:11 | Create | Villager (Male) |
| 5:11 | Create | Villager (Male) |
| 5:16 | Build | House |
| 6:08 | Build | Mill |
| 6:27 | Create | Villager (Male) |
| 6:27 | Create | Villager (Male) |
| 6:28 | Create | Villager (Male) |
| 7:23 | Create | Villager (Male) |
| 7:55 | Create | Villager (Male) |
| 7:57 | Create | Villager (Male) |
| 8:13 | Create | Villager (Male) |
| 8:50 | Research | Feudal Age |
| 9:10 | Build | Mining Camp |
| 9:22 | Build | Farm |
| 9:25 | Build | Farm |
| 9:29 | Build | Farm |
| 9:59 | Create | Villager (Male) |
| 10:05 | Build | House |
| 10:38 | Create | Villager (Male) |
| 11:32 | Age | Feudal Age |
| 11:34 | Build | Blacksmith |
| 11:42 | Build | Market |
| 11:47 | Create | Villager (Male) |
| 12:01 | Build | Farm |
| 12:16 | Build | House |
| 13:03 | Create | Villager (Male) |
| 13:24 | Research | Castle Age |
| 13:27 | Research | Double-Bit Axe |
| 13:31 | Research | Horse Collar |
| 14:30 | Create | Villager (Male) |
| 14:30 | Create | Villager (Male) |
| 14:40 | Create | Villager (Male) |
| 14:48 | Build | Farm |
| 14:48 | Build | Farm |
| 15:01 | Build | Barracks |
| 15:04 | Build | House |
| 15:09 | Build | Farm |
| 15:12 | Build | Farm |
| 15:16 | Build | Farm |
| 15:19 | Build | Farm |
| 15:24 | Build | Farm |
| 15:27 | Build | House |
| 15:30 | Build | Farm |
| 15:32 | Create | Villager (Male) |
| 15:55 | Create | Villager (Male) |
| 16:08 | Age | Castle Age |
| 16:08 | Build | Farm |
| 16:11 | Create | Villager (Male) |
| 16:13 | Build | Farm |
| 16:16 | Create | Spearman |
| 16:16 | Create | Spearman |
| 16:23 | Build | Town Center |
| 16:38 | Create | Spearman |
| 16:47 | Research | Forging |
| 16:50 | Build | House |
| 16:51 | Build | House |
| 17:02 | Create | Villager (Male) |
| 17:13 | Build | Mining Camp |
| 17:23 | Create | Spearman |
| 17:39 | Build | House |
| 17:47 | Research | Bow Saw |
| 18:21 | Build | House |
| 18:43 | Research | Pikeman (upgrade) |
| 18:44 | Create | Spearman |
| 18:57 | Build | Siege Workshop |
| 19:00 | Create | Villager (Male) |
| 19:03 | Research | Scale Mail Armor |
| 19:13 | Create | Villager (Male) |
| 19:27 | Create | Spearman |
| 19:27 | Create | Spearman |
| 19:31 | Create | Villager (Male) |
| 19:42 | Build | Lumber Camp |
| 19:55 | Build | House |
| 19:58 | Create | Spearman |
| 20:00 | Research | Squires |
| 20:04 | Create | Villager (Male) |
| 20:29 | Build | House |
| 20:32 | Create | Mangonel |
| 20:35 | Create | Spearman |
| 20:35 | Create | Spearman |
| 20:41 | Create | Villager (Male) |
| 20:48 | Create | Villager (Male) |
| 20:52 | Build | Farm |
| 20:54 | Build | Farm |
| 21:17 | Create | Villager (Male) |
| 21:42 | Create | Spearman |
| 21:42 | Create | Spearman |
| 22:29 | Create | Villager (Male) |
| 22:29 | Create | Villager (Male) |
| 22:33 | Create | Villager (Male) |
| 22:34 | Create | Villager (Male) |
| 22:34 | Create | Villager (Male) |
| 22:44 | Build | Town Center |
| 22:51 | Build | Stable |
| 22:53 | Create | Mangonel |
| 23:07 | Create | Villager (Male) |
| 23:07 | Create | Villager (Male) |
| 23:24 | Create | Villager (Male) |
| 23:24 | Create | Villager (Male) |
| 23:29 | Build | Farm |
| 23:30 | Build | Farm |
| 23:33 | Create | Villager (Male) |
| 24:11 | Create | Knight |
| 24:11 | Create | Knight |
| 24:15 | Build | House |
| 24:15 | Build | House |
| 24:16 | Build | House |
| 24:16 | Build | House |
| 24:22 | Build | Farm |
| 24:25 | Build | Farm |
| 24:26 | Create | Villager (Male) |
| 24:35 | Build | University |
| 24:37 | Create | Villager (Male) |
| 24:42 | Build | Mining Camp |
| 24:43 | Create | Villager (Male) |
| 24:44 | Create | Villager (Male) |
| 25:11 | Create | Villager (Male) |
| 25:12 | Create | Villager (Male) |
| 25:23 | Create | Villager (Male) |
| 25:23 | Create | Villager (Male) |
| 25:26 | Create | Spearman |
| 25:33 | Create | Villager (Male) |
| 25:33 | Create | Villager (Male) |
| 25:33 | Create | Villager (Male) |
| 25:39 | Create | Spearman ×5 |
| 25:50 | Create | Mangonel |
| 26:18 | Create | Villager (Male) |
| 26:19 | Create | Villager (Male) |
| 26:22 | Create | Knight |
Build order — mat.hey
First 150 of 552 actions detected
| 0:00 | Create | Villager (Male) |
| 0:01 | Create | Villager (Male) |
| 0:01 | Create | Villager (Male) |
| 0:01 | Create | Villager (Male) |
| 0:02 | Create | Villager (Male) |
| 0:04 | Build | House |
| 0:05 | Build | House |
| 1:30 | Create | Villager (Male) |
| 1:44 | Build | Lumber Camp |
| 1:50 | Create | Villager (Male) |
| 2:10 | Create | Villager (Male) |
| 2:10 | Create | Villager (Male) |
| 2:42 | Create | Villager (Male) |
| 3:12 | Create | Villager (Male) |
| 3:13 | Create | Villager (Male) |
| 3:21 | Build | House |
| 3:34 | Create | Villager (Male) |
| 3:34 | Create | Villager (Male) |
| 3:55 | Build | Mill |
| 4:01 | Create | Villager (Male) |
| 4:01 | Create | Villager (Male) |
| 4:20 | Create | Villager (Male) |
| 4:21 | Create | Villager (Male) |
| 4:54 | Create | Villager (Male) |
| 5:15 | Create | Villager (Male) |
| 5:31 | Build | House |
| 5:33 | Build | House |
| 6:40 | Create | Villager (Male) |
| 6:40 | Create | Villager (Male) |
| 6:54 | Build | Mill |
| 7:00 | Create | Villager (Male) |
| 7:01 | Create | Villager (Male) |
| 7:20 | Create | Villager (Male) |
| 7:34 | Create | Villager (Male) |
| 7:36 | Research | Loom |
| 7:44 | Build | Mining Camp |
| 8:08 | Research | Feudal Age |
| 9:03 | Create | Villager (Male) |
| 9:03 | Create | Villager (Male) |
| 9:42 | Build | House |
| 9:43 | Build | House |
| 9:51 | Build | House |
| 10:22 | Build | Barracks |
| 10:55 | Age | Feudal Age |
| 11:05 | Build | Watch Tower |
| 11:10 | Create | Spearman |
| 11:38 | Create | Villager (Male) |
| 11:41 | Research | Double-Bit Axe |
| 11:50 | Build | Blacksmith |
| 12:54 | Create | Villager (Male) |
| 12:57 | Research | Fletching |
| 12:59 | Create | Villager (Male) |
| 13:09 | Build | Mining Camp |
| 13:13 | Create | Villager (Male) |
| 13:13 | Create | Villager (Male) |
| 13:19 | Build | Market |
| 13:46 | Build | Farm |
| 13:52 | Build | Farm |
| 15:10 | Build | Palisade Wall |
| 15:19 | Create | Villager (Male) |
| 15:19 | Create | Villager (Male) |
| 16:05 | Create | Villager (Male) |
| 16:08 | Research | Castle Age |
| 16:23 | Research | Horse Collar |
| 16:27 | Build | Farm |
| 16:30 | Build | Farm |
| 16:31 | Build | Farm |
| 16:31 | Build | Farm |
| 16:31 | Build | Farm |
| 16:46 | Build | Archery Range |
| 16:54 | Create | Villager (Male) |
| 17:02 | Research | Gold Mining |
| 17:18 | Build | Farm |
| 17:25 | Create | Villager (Male) |
| 18:49 | Age | Castle Age |
| 18:53 | Build | Town Center |
| 19:01 | Research | Bow Saw |
| 19:02 | Create | Villager (Male) |
| 19:03 | Create | Villager (Male) |
| 19:07 | Create | Archer |
| 19:07 | Create | Archer |
| 19:08 | Create | Archer |
| 19:11 | Create | Archer |
| 19:17 | Create | Villager (Male) |
| 19:47 | Build | Archery Range |
| 19:50 | Create | Villager (Male) |
| 20:08 | Create | Villager (Male) |
| 20:17 | Research | Town Watch |
| 20:20 | Create | Villager (Male) |
| 20:20 | Create | Villager (Male) |
| 20:21 | Create | Villager (Male) |
| 20:25 | Build | Farm |
| 20:26 | Build | Farm |
| 20:27 | Build | Farm |
| 20:50 | Build | Farm |
| 20:50 | Build | Farm |
| 20:57 | Build | Farm |
| 20:57 | Build | Farm |
| 20:58 | Build | Farm |
| 20:58 | Build | Farm |
| 21:32 | Create | Villager (Male) |
| 21:33 | Create | Villager (Male) |
| 21:38 | Build | Farm |
| 21:47 | Create | Archer |
| 21:47 | Create | Archer |
| 22:06 | Research | Crossbowman (upgrade) |
| 22:29 | Build | Monastery |
| 22:36 | Create | Villager (Male) |
| 22:36 | Create | Villager (Male) |
| 22:37 | Create | Villager (Male) |
| 22:40 | Build | House |
| 22:42 | Build | House |
| 22:57 | Build | House |
| 22:57 | Build | House |
| 22:58 | Build | House |
| 22:58 | Build | House |
| 22:58 | Build | House |
| 23:00 | Build | House |
| 23:02 | Build | Farm |
| 23:04 | Create | Villager (Male) |
| 23:28 | Build | Castle |
| 23:49 | Create | Villager (Male) |
| 23:50 | Create | Villager (Male) |
| 23:55 | Build | University |
| 24:07 | Create | Villager (Male) |
| 24:08 | Create | Villager (Male) |
| 24:08 | Create | Villager (Male) |
| 24:24 | Research | Bodkin Arrow |
| 24:53 | Build | Mining Camp |
| 25:01 | Research | Padded Archer Armor |
| 25:18 | Create | Villager (Male) |
| 25:18 | Create | Villager (Male) |
| 25:23 | Create | Villager (Male) |
| 25:23 | Create | Villager (Male) |
| 25:51 | Create | Villager (Male) |
| 25:51 | Create | Villager (Male) |
| 26:00 | Research | Ballistics |
| 26:13 | Create | Archer |
| 26:13 | Create | Archer |
| 26:14 | Create | Archer |
| 26:14 | Create | Archer |
| 26:41 | Create | Villager (Male) |
| 26:42 | Create | Villager (Male) |
| 26:42 | Create | Villager (Male) |
| 26:42 | Create | Villager (Male) |
| 26:43 | Create | Villager (Male) |
| 26:46 | Create | Monk |
| 27:04 | Create | Villager (Male) |
| 27:05 | Create | Villager (Male) |
| 27:05 | Create | Villager (Male) |
Build order — Wololo
First 150 of 452 actions detected
| 0:01 | Create | Villager (Male) |
| 0:02 | Create | Villager (Male) |
| 0:02 | Create | Villager (Male) |
| 0:04 | Build | House |
| 0:05 | Build | House |
| 1:09 | Create | Villager (Male) |
| 1:39 | Create | Villager (Male) |
| 1:58 | Create | Villager (Male) |
| 2:26 | Build | Lumber Camp |
| 2:29 | Create | Villager (Male) |
| 2:54 | Create | Villager (Male) |
| 3:10 | Research | Loom |
| 3:10 | Create | Villager (Male) |
| 3:21 | Build | House |
| 3:33 | Create | Villager (Male) |
| 4:15 | Create | Villager (Male) |
| 4:43 | Create | Villager (Male) |
| 5:15 | Create | Villager (Male) |
| 5:16 | Create | Villager (Male) |
| 5:40 | Create | Villager (Male) |
| 5:41 | Create | Villager (Male) |
| 5:41 | Create | Villager (Male) |
| 5:50 | Build | House |
| 6:01 | Build | Mill |
| 6:30 | Create | Villager (Male) |
| 7:41 | Create | Villager (Male) |
| 8:01 | Research | Feudal Age |
| 8:22 | Build | Mining Camp |
| 8:36 | Build | Mining Camp |
| 9:07 | Build | Mill |
| 9:36 | Create | Villager (Male) |
| 9:37 | Create | Villager (Male) |
| 10:11 | Age | Feudal Age |
| 10:20 | Build | Blacksmith |
| 10:23 | Build | Market |
| 10:57 | Create | Villager (Male) |
| 11:00 | Build | Farm |
| 11:01 | Build | Farm |
| 11:27 | Create | Villager (Male) |
| 11:33 | Build | House |
| 11:54 | Build | House |
| 12:36 | Research | Castle Age |
| 13:35 | Build | Watch Tower |
| 13:54 | Research | Double-Bit Axe |
| 13:58 | Create | Villager (Male) |
| 15:15 | Age | Castle Age |
| 15:27 | Research | Fletching |
| 15:28 | Create | Villager (Male) |
| 15:57 | Build | Town Center |
| 16:18 | Create | Villager (Male) |
| 16:18 | Create | Villager (Male) |
| 16:36 | Build | Stone Wall |
| 16:59 | Create | Villager (Male) |
| 17:02 | Build | Farm |
| 17:09 | Build | Farm |
| 17:10 | Build | Farm |
| 17:13 | Build | Farm |
| 17:28 | Build | Farm |
| 17:32 | Create | Villager (Male) |
| 17:38 | Build | Farm |
| 17:51 | Build | Farm |
| 17:52 | Build | Farm |
| 17:55 | Build | Farm |
| 17:58 | Create | Villager (Male) |
| 18:11 | Create | Villager (Male) |
| 18:38 | Create | Villager (Male) |
| 18:39 | Create | Villager (Male) |
| 18:54 | Create | Villager (Male) |
| 18:58 | Create | Villager (Male) |
| 19:07 | Build | Farm |
| 19:11 | Build | Farm |
| 19:13 | Create | Villager (Male) |
| 19:14 | Create | Villager (Male) |
| 19:46 | Create | Villager (Male) |
| 19:47 | Create | Villager (Male) |
| 20:03 | Build | House |
| 20:04 | Build | House |
| 20:07 | Research | Wheelbarrow |
| 20:13 | Research | Town Watch |
| 20:22 | Create | Villager (Male) |
| 20:34 | Build | House |
| 20:34 | Build | House |
| 20:44 | Create | Villager (Male) |
| 20:44 | Create | Villager (Male) |
| 21:10 | Create | Villager (Male) |
| 21:11 | Create | Villager (Male) |
| 21:17 | Build | Barracks |
| 21:34 | Create | Villager (Male) |
| 21:35 | Create | Villager (Male) |
| 21:57 | Build | Castle |
| 21:59 | Create | Villager (Male) |
| 22:01 | Create | Villager (Male) |
| 22:02 | Create | Villager (Male) |
| 22:14 | Build | Castle |
| 22:20 | Create | Villager (Male) |
| 22:21 | Create | Villager (Male) |
| 22:24 | Build | Farm |
| 22:30 | Build | Farm |
| 22:32 | Build | Farm |
| 22:36 | Build | Farm |
| 22:38 | Create | Villager (Male) |
| 22:39 | Create | Villager (Male) |
| 22:43 | Build | House |
| 22:44 | Build | House |
| 22:45 | Build | House |
| 22:48 | Build | Farm |
| 23:46 | Build | Siege Workshop |
| 23:54 | Create | Villager (Male) |
| 23:55 | Create | Villager (Male) |
| 23:56 | Create | Villager (Male) |
| 23:56 | Create | Villager (Male) |
| 24:32 | Create | Mangonel |
| 25:09 | Build | Castle |
| 25:28 | Create | Villager (Male) |
| 25:29 | Create | Villager (Male) |
| 25:55 | Create | Villager (Male) |
| 25:55 | Create | Villager (Male) |
| 25:56 | Create | Villager (Male) |
| 25:56 | Create | Villager (Male) |
| 25:57 | Create | Villager (Male) |
| 25:57 | Create | Villager (Male) |
| 27:03 | Create | Villager (Male) |
| 27:04 | Create | Villager (Male) |
| 27:13 | Create | Villager (Male) |
| 27:13 | Create | Villager (Male) |
| 27:15 | Create | Villager (Male) |
| 27:27 | Build | Town Center |
| 27:39 | Create | Villager (Male) |
| 27:40 | Create | Villager (Male) |
| 27:41 | Create | Villager (Male) |
| 27:47 | Build | Barracks |
| 28:20 | Build | Castle |
| 28:30 | Create | Villager (Male) |
| 28:31 | Create | Villager (Male) |
| 28:34 | Build | Farm |
| 28:46 | Research | Pikeman (upgrade) |
| 29:19 | Build | Monastery |
| 29:21 | Create | Spearman |
| 29:22 | Create | Spearman |
| 29:22 | Create | Spearman |
| 29:24 | Research | Scale Mail Armor |
| 29:34 | Create | Throwing Axeman |
| 29:34 | Create | Throwing Axeman |
| 30:01 | Create | Villager (Male) |
| 30:01 | Create | Villager (Male) |
| 30:06 | Create | Monk |
| 30:15 | Create | Spearman |
| 31:30 | Create | Spearman |
| 31:30 | Create | Spearman |
| 31:46 | Build | Town Center |
Match timeline
| 9:30 | Tonix · age_up feudal |
| 10:11 | Wololo · age_up feudal |
| 10:22 | mat.hey · first_building Barracks |
| 10:54 | Tonix · first_market_sell 100 food |
| 10:55 | mat.hey · age_up feudal |
| 11:05 | nezbez · age_up feudal |
| 11:15 | Wololo · first_market_sell 100 stone |
| 11:17 | #14 · age_up feudal |
| 11:19 | BeaNeanging · age_up feudal |
| 11:32 | rambo · age_up feudal |
| 12:29 | nezbez · first_market_sell 100 wood |
| 12:45 | nezbez · first_market_buy 100 food |
| 12:47 | #14 · first_building Barracks |
| 12:59 | Tonix · first_market_buy 100 stone |
| 13:21 | Tonix · age_up castle |
| 13:42 | #14 · first_building Stable |
| 15:01 | rambo · first_building Barracks |
| 15:10 | mat.hey · wall_segment Palisade Wall x1 |
| 15:12 | BeaNeanging · first_building Barracks |
| 15:15 | Wololo · age_up castle |
| 15:28 | #14 · age_up castle |
| 15:30 | BeaNeanging · age_up castle |
| 15:47 | nezbez · age_up castle |
| 15:52 | Wololo · first_market_buy 100 stone |
| 15:55 | Tonix · first_building Castle |
| 16:02 | BeaNeanging · first_building Siege Workshop |
| 16:08 | rambo · age_up castle |
| 16:36 | Wololo · wall_segment Stone Wall x1 |
| 16:46 | mat.hey · first_building Archery Range |
| 16:48 | BeaNeanging · first_market_buy 100 food |
| 16:59 | mat.hey · first_market_buy 100 food |
| 18:28 | ThiranoMarck · first_building Siege Workshop |
| 18:44 | BeaNeanging · first_market_sell 100 wood |
| 18:49 | mat.hey · age_up castle |
| 18:57 | rambo · first_building Siege Workshop |
| 21:15 | #14 · first_building Monastery |
| 21:17 | Wololo · first_building Barracks |
| 21:49 | nezbez · first_building Barracks |
| 21:57 | Wololo · first_building Castle |
| 22:29 | mat.hey · first_building Monastery |
| 22:39 | BeaNeanging · first_building Archery Range |
| 22:51 | rambo · first_building Stable |
| 22:57 | nezbez · first_building Stable |
| 23:28 | mat.hey · first_building Castle |
| 23:46 | Wololo · first_building Siege Workshop |
| 24:15 | mat.hey · first_market_sell 100 wood |
| 25:10 | BeaNeanging · first_building Castle |
| 26:06 | Tonix · tribute_sent a jugador 1 |
| 26:06 | Tonix · tribute_sent a jugador 2 |
| 26:06 | Tonix · tribute_sent a jugador 3 |
| 26:06 | Tonix · tribute_sent a jugador 5 |
| 26:06 | Tonix · tribute_sent a jugador 6 |
| 26:06 | Tonix · tribute_sent a jugador 7 |
| 26:06 | Tonix · tribute_sent a jugador 8 |
| 26:35 | nezbez · first_building Castle |
| 27:17 | rambo · first_building Castle |
| 27:17 | ThiranoMarck · first_building Barracks |
| 27:35 | #14 · first_market_sell 100 wood |
| 28:16 | BeaNeanging · first_building Stable |
| 29:19 | Wololo · first_building Monastery |
| 30:01 | rambo · first_market_buy 100 food |
| 31:28 | rambo · first_building Archery Range |
| 31:30 | ThiranoMarck · first_building Castle |
| 31:47 | nezbez · age_up imperial |
| 32:26 | Tonix · age_up imperial |
| 32:55 | #14 · age_up imperial |
| 33:27 | rambo · first_building Monastery |
| 34:00 | Tonix · first_building Monastery |
| 34:50 | #14 · first_building Castle |
| 36:21 | rambo · age_up imperial |
| 36:57 | Wololo · first_building Stable |
| 37:07 | mat.hey · age_up imperial |
| 37:20 | mat.hey · first_building Siege Workshop |
| 37:42 | rambo · first_market_sell 500 wood |
| 39:22 | Tonix · first_building Barracks |
| 40:06 | Tonix · first_building Stable |
| 40:51 | Tonix · first_building Archery Range |
| 43:38 | Tonix · tribute_sent a jugador 1 |
| 43:38 | Tonix · tribute_sent a jugador 2 |
| 43:38 | Tonix · tribute_sent a jugador 3 |
| 43:38 | Tonix · tribute_sent a jugador 5 |
| 43:38 | Tonix · tribute_sent a jugador 6 |
| 43:38 | Tonix · tribute_sent a jugador 7 |
| 43:38 | Tonix · tribute_sent a jugador 8 |
| 43:48 | rambo · wall_segment Stone Wall x14 |
| 43:50 | Wololo · age_up imperial |
| 46:02 | Tonix · tribute_sent a jugador 1 |
| 46:02 | Tonix · tribute_sent a jugador 2 |
| 46:02 | Tonix · tribute_sent a jugador 3 |
| 46:02 | Tonix · tribute_sent a jugador 5 |
| 46:02 | Tonix · tribute_sent a jugador 6 |
| 46:02 | Tonix · tribute_sent a jugador 7 |
| 46:02 | Tonix · tribute_sent a jugador 8 |
| 46:54 | BeaNeanging · age_up imperial |
| 47:51 | Tonix · tribute_sent a jugador 1 |
| 47:51 | Tonix · tribute_sent a jugador 2 |
| 47:51 | Tonix · tribute_sent a jugador 3 |
| 47:51 | Tonix · tribute_sent a jugador 5 |
| 47:51 | Tonix · tribute_sent a jugador 6 |
| 47:51 | Tonix · tribute_sent a jugador 7 |
| 47:51 | Tonix · tribute_sent a jugador 8 |
| 50:26 | mat.hey · wall_segment Stone Wall x1 |
| 55:32 | rambo · wall_segment Stone Wall x21 |
| 58:23 | #14 · tribute_sent a jugador 1 |
| 58:23 | #14 · tribute_sent a jugador 2 |
| 58:23 | #14 · tribute_sent a jugador 3 |
| 58:23 | #14 · tribute_sent a jugador 4 |
| 58:23 | #14 · tribute_sent a jugador 5 |
| 58:23 | #14 · tribute_sent a jugador 6 |
| 58:23 | #14 · tribute_sent a jugador 7 |
| 59:54 | ThiranoMarck · resign |
[ AI ANALYSIS · 1 CREDIT ]
What really happened in this match?
Wolo.gg analyzes every decision: build order, eco, micro, common mistakes by bracket. Personalized analysis on WhatsApp or Discord in 30 seconds.
Civ guide
Franks
Map guide
Arena
Perfil
#14